 Dungeon Crawl Stone Soup version 0.31-a0-355-g57cb03d3e8 (webtiles) character file.

Game seed: 7717913031809856328

38431 mopl the Martial Artist (level 14, 0/92 HPs)
             Began as an Octopode Shapeshifter on July 23, 2023.
             Was a Follower of Uskayaw.
             Slain by a skyshark (5 damage)
             ... on level 3 of the Lair of Beasts on July 24, 2023.
             The game lasted 00:26:07 (17347 turns).

mopl the Martial Artist (Octopode Shapeshifter)    Turns: 17347, Time: 00:26:08

Health: 0/92       AC:  5    Str: 16    XL:     14   Next: 2%
Magic:  16/19      EV: 21    Int: 11    God:    Uskayaw [*.....]
Gold:   747        SH:  6    Dex: 29    Spells: 13/13 levels left

rFire   + .          .
                       - Unarmed
rCold   x . .        y - +0 buckler
rNeg    . . .        G - melded +2 hat {Stlth+}
rPois   +            (no amulet)
rElec   .            c - +6 ring of dexterity
rCorr   +            x - ring "Hupoc" {rPois Will+ rCorr Str+2}
SInv    +            u - ring of see invisible
Will    ++...        J - ring of wizardry
Stlth   ++++++       T - +4 ring of protection
HPRegen 0.35/turn    U - +6 ring of dexterity
MPRegen 0.16/turn    t - ring of fire
                     (no ring)

%: wizardry (x1)
@: beast-form, studying Conjurations
A: beast (slay +7), almost no armour, amphibious, 8 rings, camouflage 1,
gelatinous body 1, nimble swimmer 1, tentacles
a: Begin Untransformation, Renounce Religion, Stomp


You were on level 3 of the Lair of Beasts.
You worshipped Uskayaw.
Uskayaw was noncommittal.
You were a hulking beast.
You visited 3 branches of the dungeon, and saw 15 of its levels.

You collected 852 gold pieces.
You spent 105 gold pieces at shops.

Inventory:

Hand Weapons
 I - a +3 scimitar of flaming
Missiles
 k - 55 poisoned darts (quivered)
 r - 4 boomerangs
 A - 6 javelins
 D - 6 datura-tipped darts
 O - 2 throwing nets
 Q - 4 curare-tipped darts
Armour
 y - a +0 buckler (worn)
 G - a +2 hat of stealth (melded)
Magical Staves
 v - the staff of a bazaar {rF+ Will+ Fire}
   (You found it on level 3 of the Lair of Beasts)

   [staff of fire]

   Base accuracy: +5 Base damage: 5 Base attack delay: 1.2 This weapon's minimum
   attack delay (0.6) is reached at skill level 12.
   rF:        It protects you from fire.
   Fire:      It increases the power of your Fire spells.
   Will:      It increases your willpower.
   It falls into the 'Staves' category.
   It is a one-tentacled weapon.
Jewellery
 c - a +6 ring of dexterity (left tentacle)
 m - the amulet of Vitality {RegenMP++ Regen++}
   (You found it on level 3 of the Lair of Beasts)

   [amulet of magic regeneration]

   It increases your rate of magic regeneration.
   Regen:     It increases your rate of health regeneration.
 t - a ring of fire (on tentacle)
 u - a ring of see invisible (on tentacle)
 w - an amulet of faith {!P}
 x - the ring "Hupoc" (right tentacle) {rPois Will+ rCorr Str+2}
   (You found it on level 6 of the Dungeon)

   [ring of willpower]

   Str:       It affects your strength (+2).
   rPois:     It protects you from poison.
   rCorr:     It protects you from acid and corrosion.
   Will:      It increases your willpower.
 J - a ring of wizardry (on tentacle)
 T - a +4 ring of protection (on tentacle)
 U - a +6 ring of dexterity (on tentacle)
Talismans
 b - a beast talisman
 B - a storm talisman
Wands
 f - a wand of roots (4)
 C - a wand of polymorph (6)
 F - a wand of flame (9)
 S - a wand of paralysis (11)
Scrolls
 d - 3 scrolls of enchant armour {unknown}
 e - 2 scrolls of fear {unknown}
 h - 4 scrolls of fog {unknown}
 i - 2 scrolls of silence {unknown}
 l - 3 scrolls of teleportation {unknown}
 n - 3 scrolls of enchant weapon {unknown}
 o - 5 scrolls of vulnerability
 q - 2 scrolls of poison
 s - 3 scrolls of brand weapon {unknown}
 L - 5 scrolls of immolation {unknown}
 P - a scroll of blinking {unknown}
 R - a scroll of revelation {unknown}
 V - a scroll of noise {unknown}
Potions
 a - a potion of lignification {!q}
 g - 5 potions of curing
 j - 3 potions of berserk rage {!q}
 p - a potion of brilliance
 z - a potion of cancellation
 E - 2 potions of haste
 K - a potion of enlightenment {unknown}
 M - a potion of ambrosia


   Skills:
 + Level 7.5 Fighting
 + Level 6.5 Throwing
 + Level 8.0 Dodging
 - Level 5.0 Stealth
 * Level 14.5 Unarmed Combat
 + Level 7.0 Invocations
 + Level 4.6 Evocations
 * Level 10.5 Shapeshifting


You had 13 spell levels left.
You didn't know any spells.
Your spell library contained the following spells:

 Spells                   Type           Power      Damage    Failure   Level
 Apportation              Tloc           0%         N/A       19%         1
 Foxfire                  Conj/Fire      0%         2x1d4     19%         1
 Magic Dart               Conj           0%         1d3       19%         1
 Necrotise                Necr           0%         1d4       19%         1
 Sting                    Tmut/Pois      0%         1d3       19%         1
 Summon Small Mammal      Summ           0%         N/A       19%         1
 Call Imp                 Summ           0%         N/A       26%         2
 Poisonous Vapours        Pois/Air       0%         N/A       26%         2
 Static Discharge         Conj/Air       0%         2-2/arc   26%         2
 Call Canine Familiar     Summ           0%         N/A       45%         3
 Frozen Ramparts          Ice            0%         1d1       45%         3
 Ignite Poison            Fire/Tmut/Pois 0%         N/A       45%         3
 Mephitic Cloud           Conj/Pois/Air  0%         N/A       45%         3
 Portal Projectile        Hex/Tloc       0%         N/A       45%         3
 Vhi's Electric Charge    Tloc/Air       0%         N/A       45%         3
 Airstrike                Air            0%         2d(0-16)  86%         4
 Leda's Liquefaction      Hex/Erth       0%         N/A       86%         4
 Olgreb's Toxic Radiance  Pois           0%         N/A       86%         4
 Petrify                  Tmut/Erth      0%         N/A       86%         4
 Summon Lightning Spire   Summ/Air       0%         N/A       86%         4
 Alistair's Intoxication  Tmut/Pois      0%         N/A       99%         5
 Arcjolt                  Conj/Air       0%         1d10      99%         5
 Borgnjor's Vile Clutch   Necr/Erth      0%         N/A       99%         5
 Metabolic Englaciation   Hex/Ice        0%         N/A       99%         5
 Eringya's Noxious Bog    Tmut/Pois      0%         4d6       100%        6
 Plasma Beam              Fire/Air       0%         2x1d10    100%        6
 Starburst                Conj/Fire      0%         6d3       100%        6
 Haunt                    Necr/Summ      0%         N/A       100%        7
 Borgnjor's Revivificati  Necr           0%         N/A       100%        8
 Maxwell's Capacitive Co  Air            0%         ∞         100%        8
 Death's Door             Necr           0%         N/A       100%        9


Dungeon Overview and Level Annotations

Branches:
Dungeon (11/15)            Temple (1/1) D:7            Lair (3/5) D:8
 Shoals (0/4) Lair:2       Spider (0/4) Lair:3          Orc (0/2) D:10

Altars:
Ashenzari
Cheibriados
Dithmenos
Elyvilon
Fedhas
Gozag
Hepliaklqana
Kikubaaqudgha
Makhleb
Nemelex Xobeh
Okawaru
Qazlal
Ru
Sif Muna
Trog
Uskayaw
Vehumet
Wu Jian
Xom
Yredelemnul
Zin
The Shining One

Shops:
D:2 :   D:11 *

Annotations:
D:9 3 runed translucent doors, julianmaster's ghost, journeyman MiBe
D:10 dig


Innate Abilities, Weirdness & Mutations

You are a hulking beast.
Your limbs bulge with bestial killing power. (Slay +7)
You cannot wear most types of armour.
You are amphibious.
You can wear up to eight rings at the same time.
Your skin changes colour to match your surroundings (Stealth+).
Your rubbery body absorbs attacks. (AC +1, EV +1)
You are camouflaged when in or above water. (Stealth+)
You have tentacles for arms and can constrict up to eight enemies at once.


Message History

You bludgeon the skyshark!
The skyshark is heavily wounded.
The electric eel shoots out a bolt of lightning at you!
The bolt of electricity hits you!
You can now pass through a line of other dancers.
Unknown command.
You bludgeon the skyshark! Your squeeze misses the skyshark.
The skyshark is severely wounded.
The skyshark bites you!!
The skyshark enters a blood-rage!
The skyshark tail-slaps you.
The skyshark tail-slaps you but does no damage.
You are too injured to fight recklessly!
Unknown command.
You are too injured to fight recklessly!
You barely miss the skyshark.
The skyshark is severely wounded.
The electric eel shoots out a bolt of lightning at you!
The bolt of electricity misses you. The skyshark bites you!!
* * * LOW HITPOINT WARNING * * *
The skyshark tail-slaps you but does no damage.
The skyshark closely misses you.
A yak comes into view.
Okay, then.
You barely miss the skyshark. You squeeze the skyshark!
The skyshark is severely wounded.
The skyshark barely misses you. The skyshark misses you.
The skyshark closely misses you.
The electric eel shoots out a bolt of lightning at you!
The bolt of electricity hits you!
* * * LOW HITPOINT WARNING * * *
You stomp with the beat, sending a shockwave through the revellers around you!
The skyshark is almost dead.
The yak is moderately wounded.
The electric eel is heavily wounded.
The plant begins to die.
The plant is moderately damaged.
You can no longer pass through a line of other dancers.
The skyshark bites you but does no damage.
The skyshark completely misses you. The skyshark tail-slaps you.
You die...

#.............~~...........
#.........♣~..~♣~..........
#......##♣~~~.~~♣~.#.######
#....#♣~~~~~~..~~♣♣♣♣#
#....♣~~~~~....~~~♣
#....~~~~~~~...~~~♣
#....♣~P~~~~...~~~♣ ~♣
#....♣♣~≈P†♣~..~~♣♣ ~~ #...
♣~~≈~h~...~~~ ~P #...
♣~≈≈SlY....~~ ~~ #..
♣♣~~≈~~YY.~~♣ P~ #..
#~~≈≈~~...~~ ~≈
#~♣~≈~~~...~. ~~
..#♣~~~~~..... ♣♣ ...
♣♣~~~~..YYY ♣ .. ~~~~♣.....
♣


You could see a skyshark (berserk), 6 yaks and an electric eel.

Vanquished Creatures
  2 entropy weavers (Lair:3)
  Harold (D:10)
  2 ghost crabs (Lair:3)
  4 boulder beetles
  Erica (D:9)
  A two-headed ogre (D:11)
  6 fire crabs (Lair:3)
  Nergalle (D:10)
  A flayed ghost (D:9)
  A necromancer (D:11)
  The ghost of Vorhees the Trooper, a novice GnWn of Ashenzari (D:6)
  A lindwurm (D:8)
  3 ugly things
  A cyclops (D:11)
  Joseph (D:10)
  A black mamba (Lair:3)
  A torpor snail (Lair:1)
  An apocalypse crab (Lair:3)
  3 cane toads
  2 gargoyles (D:11)
  3 kobold demonologists
  5 komodo dragons
  A troll (D:10)
  Grinder (D:6)
  A polar bear (Lair:1)
  A meliai (Lair:2)
  3 blink frogs (Lair:1)
  A jumping spider (D:8)
  5 shadows
  9 wraiths
  45 yaks
  Eustachio (D:6)
  5 wyverns
  A fire bat (D:9)
  3 basilisks
  2 steam dragons
  A redback (D:8)
  A warg (D:10)
  Menkaure (D:7)
  6 water moccasins
  2 acid dragons
  4 orc warriors
  3 ice beasts (D:6)
  A black bear (D:6)
  3 sky beasts
  10 centaurs
  An ogre (D:5)
  9 wolves
  4 phantoms
  3 kobold brigands (D:6)
  Blork the orc (D:4)
  13 bullfrogs
  A gnoll sergeant (D:5)
  5 scorpions
  16 wights
  11 killer bees
  4 howler monkeys
  2 electric eels
  A lava snake (D:8)
  5 hounds
  4 orc priests
  A gnoll bouda (D:6)
  9 orc wizards
  2 iguanas
  9 hell rats (Lair:3)
  A mummy (D:9)
  Robin (D:4)
  12 gnolls
  8 adders
  4 river rats (Lair:3)
  A white imp (D:6)
  2 ufetubi
  A worm (D:6)
  5 dart slugs
  31 orcs
  9 ball pythons
  2 endoplasms
  3 giant cockroaches
  15 goblins
  9 hobgoblins
  5 jackals
  28 kobolds
  3 quokkas
  14 bats
  5 frilled lizards
  11 rats
425 creatures vanquished.

Vanquished Creatures (others)
  An orc priest (D:10)
1 creature vanquished.

Grand Total: 426 creatures vanquished

Notes
Turn   | Place    | Note
-------+----------+-------------------------------------------
     0 | D:1      | mopl the Octopode Shapeshifter began the quest for the Orb.
     0 | D:1      | Reached XP level 1. HP: 13/13 MP: 1/1
   199 | D:1      | Reached XP level 2. HP: 7/18 MP: 2/2
   527 | D:1      | Found a faded altar of an unknown god.
   549 | D:1      | Reached XP level 3. HP: 14/23 MP: 3/3
   756 | D:2      | Found Gonanum's Book Shoppe.
   761 | D:2      | Got the Dissertation on Contaminants
   854 | D:2      | Reached XP level 4. HP: 28/28 MP: 4/4
   860 | D:2      | Reached skill level 4 in Unarmed Combat
  1394 | D:3      | Reached XP level 5. HP: 20/33 MP: 5/5
  1478 | D:3      | Found a white marble altar of Elyvilon.
  1492 | D:3      | Found an ornate altar of the Wu Jian Council.
  1492 | D:3      | Found a sacrificial altar of Ru.
  1684 | D:3      | Reached skill level 4 in Shapeshifting
  1890 | D:4      | Noticed Robin
  1921 | D:4      | Killed Robin
  2107 | D:4      | Noticed a phantom
  2120 | D:4      | Killed a phantom
  2121 | D:4      | Reached skill level 5 in Unarmed Combat
  2121 | D:4      | Reached XP level 6. HP: 27/38 MP: 6/6
  2215 | D:4      | Noticed Blork the orc
  2225 | D:4      | Killed Blork the orc
  2523 | D:4      | Found a sparkling altar of Nemelex Xobeh.
  2550 | D:5      | Entered Level 5 of the Dungeon
  2834 | D:5      | Reached XP level 7. HP: 25/43 MP: 7/7
  2869 | D:5      | Reached skill level 6 in Unarmed Combat
  2904 | D:5      | Reached skill level 5 in Shapeshifting
  3131 | D:5      | Reached skill level 7 in Unarmed Combat
  3131 | D:5      | Reached XP level 8. HP: 28/50 MP: 8/8
  3266 | D:5      | Reached skill level 2 in Fighting
  3639 | D:6      | Found a runed translucent door.
  3649 | D:6      | Noticed Grinder
  3653 | D:6      | Noticed Vorhees's ghost (novice GnWn)
  3672 | D:6      | Reached skill level 3 in Dodging
  3684 | D:6      | Killed Grinder
  3685 | D:6      | Reached skill level 8 in Unarmed Combat
  3728 | D:6      | Found a runed translucent door.
  3736 | D:6      | Noticed a kobold demonologist
  3739 | D:6      | Reached skill level 6 in Shapeshifting
  3740 | D:6      | Noticed a shadow
  3758 | D:6      | Killed a shadow
  3759 | D:6      | Reached XP level 9. HP: 35/55 MP: 9/9
  3765 | D:6      | Noticed a soul eater
  3768 | D:6      | Killed a kobold demonologist
  3769 | D:6      | Reached skill level 9 in Unarmed Combat
  4245 | D:6      | Found a glowing golden altar of the Shining One.
  4439 | D:6      | Reached skill level 10 in Unarmed Combat
  4451 | D:6      | Found a shadowy altar of Dithmenos.
  4551 | D:6      | Noticed Eustachio
  4560 | D:6      | Killed Eustachio
  4610 | D:6      | Reached skill level 3 in Fighting
  4726 | D:6      | Identified the ring "Hupoc" {rPois Will+ rCorr Str+2}
  5500 | D:7      | Reached skill level 4 in Dodging
  5530 | D:6      | Reached skill level 11 in Unarmed Combat
  5530 | D:6      | Reached XP level 10. HP: 28/61 MP: 10/10
  5937 | D:7      | Noticed Menkaure
  5948 | D:7      | Reached skill level 7 in Shapeshifting
  5955 | D:7      | Killed Menkaure
  6074 | D:7      | Found a staircase to the Ecumenical Temple.
  6171 | Temple   | Entered the Ecumenical Temple
  6197 | Temple   | Became a worshipper of Uskayaw the Reveller
  6267 | D:7      | Reached * piety under Uskayaw
  6273 | D:7      | Reached ** piety under Uskayaw
  6499 | D:7      | Reached skill level 1 in Stealth
  6531 | D:8      | Reached *** piety under Uskayaw
  6532 | D:8      | Reached **** piety under Uskayaw
  6625 | D:8      | Reached skill level 1 in Throwing
  6766 | D:8      | Found Reusoryu's Assorted Antiques.
  6844 | D:8      | Reached skill level 1 in Invocations
  6921 | D:8      | Found a burning altar of Makhleb.
  6950 | D:8      | Found a staircase to the Lair.
  7012 | D:8      | Reached skill level 2 in Stealth
  7017 | D:8      | Reached ***** piety under Uskayaw
  7219 | D:8      | Reached skill level 2 in Throwing
  7275 | D:8      | Reached skill level 3 in Stealth
  7275 | D:8      | Reached skill level 2 in Invocations
  7467 | D:8      | Found a runed translucent door.
  7484 | D:8      | Reached skill level 4 in Fighting
  7677 | D:8      | Reached skill level 5 in Dodging
  7682 | D:8      | Identified the +0 whip of Ravage {heavy, Str+4}
  7717 | D:8      | Found a runed translucent gate.
  7717 | D:8      | Found a runed translucent gate.
  7717 | D:8      | Found a runed translucent gate.
  7717 | D:8      | Found a runed translucent gate.
  7717 | D:8      | Found a runed translucent gate.
  7717 | D:8      | Found a runed translucent gate.
  7717 | D:8      | Noticed a lindwurm
  7717 | D:8      | Noticed a boulder beetle
  7722 | D:8      | Noticed a boulder beetle
  8128 | D:9      | Reached XP level 11. HP: 44/69 MP: 12/12
  8255 | D:9      | Found a basalt altar of Yredelemnul.
  8294 | D:9      | Found a runed translucent door.
  8300 | D:9      | Reached skill level 12 in Unarmed Combat
  8306 | D:9      | Found an ancient bone altar of Kikubaaqudgha.
  8312 | D:9      | Found an ornate altar of the Wu Jian Council.
  8358 | D:9      | Noticed a flayed ghost
  8369 | D:9      | Found a broken altar of Ashenzari.
  8386 | D:9      | Reached skill level 4 in Stealth
  8514 | D:9      | Reached skill level 3 in Invocations
  8554 | D:9      | Found a radiant altar of Vehumet.
  8583 | D:9      | Killed a flayed ghost
  8584 | D:9      | Reached skill level 3 in Throwing
  8584 | D:9      | Reached skill level 8 in Shapeshifting
  8628 | D:9      | Found a broken altar of Ashenzari.
  8850 | D:9      | Noticed Erica
  8856 | D:9      | Killed Erica
  9152 | D:9      | Found a runed translucent gate.
  9152 | D:9      | Found a runed translucent gate.
  9153 | D:9      | Found a runed translucent gate.
  9156 | D:9      | Noticed julianmaster's ghost (journeyman MiBe)
  9426 | D:9      | Found a snail-covered altar of Cheibriados.
  9518 | D:10     | Entered Level 10 of the Dungeon
  9542 | D:10     | Noticed Harold
  9552 | D:10     | Identified the +6 dagger of the Pits of Slime {venom, rCorr
                  | Int+3}
  9560 | D:10     | Killed Harold
  9561 | D:10     | Reached skill level 5 in Stealth
  9580 | D:9      | HP: 3/70 [shadow (11)]
  9583 | D:9      | Reached skill level 5 in Fighting
  9981 | D:10     | Found a staircase to the Orcish Mines.
 10072 | D:10     | Noticed Joseph
 10077 | D:10     | Killed Joseph
 10269 | D:10     | Noticed Nergalle
 10279 | D:10     | Killed Nergalle
 10280 | D:10     | Reached skill level 4 in Invocations
 10447 | D:10     | Reached skill level 6 in Dodging
 10772 | D:11     | Noticed a cyclops
 10776 | D:11     | Noticed a boulder beetle
 10926 | D:11     | Found Masol's Assorted Antiques.
 10929 | D:11     | Bought a scroll labelled SUIHORIAZU for 35 gold pieces
 10929 | D:11     | Bought a scroll labelled IHESAPNI QOEJI for 35 gold pieces
 10929 | D:11     | Bought a scroll labelled LEODWE SA VUNN for 35 gold pieces
 10949 | D:11     | Noticed a boulder beetle
 10983 | D:11     | Killed a cyclops
 10984 | D:11     | Reached skill level 4 in Throwing
 11013 | D:11     | Killed a boulder beetle
 11014 | D:11     | Reached XP level 12. HP: 30/77 MP: 15/15
 11284 | D:11     | Upgraded the game from 0.31-a0-354-g827e0957a7 to
                  | 0.31-a0-355-g57cb03d3e8
 11415 | D:11     | Reached skill level 13 in Unarmed Combat
 11415 | D:11     | Reached skill level 9 in Shapeshifting
 11511 | D:11     | Killed a boulder beetle
 11530 | D:11     | Noticed a two-headed ogre
 11563 | D:10     | Reached skill level 5 in Invocations
 11613 | D:11     | Killed a two-headed ogre
 11661 | D:11     | Reached skill level 6 in Fighting
 11889 | D:11     | Reached skill level 1 in Evocations
 12245 | D:6      | Killed Vorhees's ghost
 12246 | D:6      | Reached skill level 5 in Throwing
 12327 | D:8      | Killed a boulder beetle
 12329 | D:8      | Killed a boulder beetle
 12593 | D:8      | Reached skill level 2 in Evocations
 12597 | D:8      | Identified the ring of Kext {Ice +Blink Will- rCorr Dex-5}
 12769 | Lair:1   | Entered Level 1 of the Lair of Beasts
 12781 | Lair:1   | Reached skill level 7 in Dodging
 12947 | Lair:1   | Reached ****** piety under Uskayaw
 12949 | Lair:1   | Reached XP level 13. HP: 57/84 MP: 17/17
 12998 | Lair:1   | Reached skill level 6 in Invocations
 13243 | Lair:1   | Reached skill level 3 in Evocations
 13946 | Lair:2   | Reached skill level 10 in Shapeshifting
 14527 | Lair:1   | Reached skill level 7 in Fighting
 14977 | Lair:2   | Found a staircase to the Shoals.
 15295 | Lair:3   | Found a hole to the Spider Nest.
 15306 | Lair:2   | Reached skill level 14 in Unarmed Combat
 15727 | Lair:3   | Reached skill level 6 in Throwing
 16081 | Lair:3   | Found a runed translucent door.
 16192 | Lair:3   | Reached skill level 4 in Evocations
 16307 | Lair:3   | Noticed an entropy weaver
 16390 | Lair:3   | Killed an entropy weaver
 16681 | Lair:3   | Noticed an entropy weaver
 16734 | Lair:3   | Killed an entropy weaver
 16949 | Lair:3   | Reached skill level 8 in Dodging
 17152 | Lair:3   | Found the amulet of Vitality {RegenMP++ Regen++}
 17158 | Lair:3   | Identified the staff of a bazaar {rF+ Will+ Fire}
 17261 | Lair:3   | Reached skill level 7 in Invocations
 17278 | Lair:3   | Reached XP level 14. HP: 78/92 MP: 19/19
 17347 | Lair:3   | Slain by a skyshark

Illustrated notes

Levels and vault maps discovered:
D:1:      dpeg_arrival_brainrot, layout_rooms,
          nicolae_ecumenical_snake_handling, chequers_avenue
D:2:      layout_rooms, serial_shops,
          nicolae_shop_temple_entry_statues_fountains
D:3:      layout_rooms, gammafunk_temple_overflow_forgotten,
          lexackson_kobold_supper
D:4:      nicolae_cairo_tiling_large_dashed, layout_cave_pools,
          nemelex_spade_bored_becter, uniq_blork_the_orc, uniq_robin
D:5:      layout_loops_ring, kennysheep_decorative_pillar,
          palyth_stone_intersect
D:6:      layout_basic, grunt_dithmenos_smoke_and_mirrors, tso_oasis_becter,
          ebering_ghost_sewer_f, minmay_manual_maat, uniq_grinder,
          uniq_eustachio
D:7:      layout_basic, minmay_temple_entry_enclosed_plants, uniq_menkaure
D:8:      gammafunk_indiana_jones, layout_loops_ring, kennysheep_little_box,
          dpeg_oklobed_lair, serial_shops, shop, lightli_orcish_oven
D:9:      due_megacathedral, layout_long_grid, slow_altar_2,
          ebering_ghost_rock_garden, nicolae_wwwww, uniq_erica
D:10:     layout_loops_corners, erik_orc_4, due_unseen_surprise, uniq_harold,
          uniq_joseph, uniq_nergalle
D:11:     layout_cave_pools, serial_shops, shop, serial_park,
          serial_park_square3 [serial_park_minivault_5x5_6], serial_park_paths
          [serial_park_minivault_5x5_1], serial_park_square3
          [serial_park_minivault_5x5_7], minmay_librarian
Temple:   minmay_temple_curvy_branch
Lair:1:   layout_regular_city, minivault_11
Lair:2:   layout_gridlike, minmay_shoals_entry_centaurs, lemuel_fruit_fields,
          infiniplex_staircase_pool_2
Lair:3:   gammafunk_mikee_crab_dinner, layout_long_grid,
          hellmonk_spider_entry_not_the_bees, serial_bayou, serial_bayou_pond_b,
          serial_bayou_ford_a, serial_bayou_pond_e, serial_bayou_pond_b,
          serial_bayou_shore_a, serial_bayou_lagoon_b, basic_altar,
          kennysheep_abandoned_house

Skill      XL: |  1  2  3  4  5  6  7  8  9 10 11 12 13 |
---------------+----------------------------------------+-----
Unarmed Combat | 4 5 7 8 11 12 13 14 | 14.5
Shapeshifting  | 4 5 6 7 8 9 10 | 10.5
Fighting       | 2 3 4 5 6 7 |  7.5
Dodging        | 3 4 5 6 7 8 |  8.0
Stealth        | 3 5 |  5.0
Throwing       | 2 4 5 6 |  6.5
Invocations    | 2 4 5 7 |  7.0
Evocations     | 2 4 |  4.6

Action                     |  1- 3 |  4- 6 |  7- 9 | 10-12 | 13-15 || total
---------------------------+-------+-------+-------+-------+-------++-------
  Melee: Unarmed           |    52 |   129 |   168 |   386 |   258 ||   993
         Constrict         |    18 |    30 |    37 |    56 |    42 ||   183
         Tentacles         |     9 |    19 |    41 |   116 |    76 ||   261
         Punch             |     1 |     3 |    13 |    37 |    40 ||    94
  Throw: Dart              |       |       |    18 |    42 |       ||    60
 Invoke: Stomp             |       |       |       |     1 |     1 ||     2
         Grand Finale      |       |       |       |       |     1 ||     1
Ability: Begin Untransform |       |       |       |     1 |       ||     1
    Use: Scroll            |       |     3 |     4 |     5 |     1 ||    13
         Potion            |       |       |     3 |     2 |       ||     5
   Stab: Sleeping          |     7 |     5 |     2 |    17 |     8 ||    39
         Paralysed         |       |       |       |    31 |    34 ||    65
         Distracted        |       |       |       |     2 |     1 ||     3
 Armour: Skin              |     5 |    13 |    15 |    14 |    29 ||    76
  Dodge: Dodged            |    42 |    71 |    75 |   173 |   218 ||   579
  Block: Buckler           |       |       |     1 |    77 |    76 ||   154
   Form: Beast             |       |       |       |     1 |       ||     1

Table legend: (Time is in decaauts)
 A = Elapsed time spent in this place.
 B = Non-inter-level travel time spent in this place.
 C = Inter-level travel time spent in this place.
 D = Time resting spent in this place.
 E = Time spent auto-exploring this place.
 F = Levels seen in this place.
 G = Mean time per level.
                   A        B        C        D        E       F      G
               +--------+--------+--------+--------+--------+-----+--------+
         Total |  17220 |  16289 |    931 |   6309 |   6904 |  15 | 1148.0 |
       Dungeon |  12641 |  11872 |    769 |   3941 |   5549 |  11 | 1149.2 |
        Temple |     51 |      1 |     50 |      0 |      0 |   1 |   51.0 |
          Lair |   4527 |   4416 |    111 |   2368 |   1355 |   3 | 1509.0 |
               +--------+--------+--------+--------+--------+-----+--------+

Top non-repeatable levels by time:
     D:8: 1970 daAuts
  Lair:3: 1809 daAuts
     D:6: 1805 daAuts
     D:9: 1778 daAuts
  Lair:1: 1666 daAuts
    D:10: 1236 daAuts
    D:11: 1184 daAuts
     D:5: 1172 daAuts
  Lair:2: 1052 daAuts
     D:4: 856 daAuts
     D:7: 835 daAuts
     D:3: 733 daAuts
     D:1: 702 daAuts
     D:2: 366 daAuts
  Temple: 51 daAuts
